 Dungeon Crawl Stone Soup version 0.31-a0-167-g1c394c0614 (webtiles) character file.

Game seed: 13866669356026631449

3785 qw the Blocker (level 10, -3/59 (60) HPs)
             Began as a Gargoyle Fighter on June 14, 2023.
             Was a Believer of Okawaru.
             Slain by Psyche
             ... wielding a +0 dagger of chaos
              (8 damage)
             ... on level 8 of the Dungeon.
             The game lasted 00:03:18 (6038 turns).

qw the Blocker (Gargoyle Fighter)                   Turns: 6038, Time: 00:03:18

HP:   -3/59 (60)    AC:  0    Str: 24    XL:     10   Next: 16%
MP:   13/13         EV: 19    Int:  9    God:    Okawaru [**....]
Gold: 305           SH:  0    Dex: 14    Spells: 9/9 levels left

rFire   . . .        Y - melded +1 war axe
rCold   . . .        k - melded +0 kite shield
rNeg    + . .        m - melded +0 chain mail
rPois   inf          a - melded +1 helmet
rElec   .            (cloak currently unavailable)
rCorr   .            i - melded +0 pair of gloves
SInv    .            (boots currently unavailable)
Will    .....        c - amulet of faith
Stlth   +            f - melded +4 ring of slaying {mikee}
HPRegen 0.29/turn    j - melded +5 ring of evasion
MPRegen 0.13/turn

%: faith
@: bat-form, flying, lightly drained, very quick
A: fast, flying, no casting, sickness immunity, AC +7, tiny, negative energy
resistance 1, (electricity resistance), torment resistance 1, petrification
resistance
a: Renounce Religion, Heroism


You were on level 8 of the Dungeon.
You worshipped Okawaru.
Okawaru was pleased with you.
You were a bat.
You visited 1 branch of the dungeon, and saw 8 of its levels.

You collected 305 gold pieces.


Innate Abilities, Weirdness & Mutations

You are a bat.
You are tiny and dextrous.
You move quickly.
You are flying.
Your equipment is almost entirely melded.
You are incapable of wielding weapons or throwing items.
You cannot cast spells.
You are immune to sickness and miasma.
((Your stone body is resilient. (AC +7)))
You are immune to poison.
You resist negative energy. (rN+)
((You are resistant to electric shocks. (rElec)))
You are resistant to unholy torment.
You are immune to petrification.


   Skills:
 - Level 6.3 Fighting
 - Level 8.6 Axes
 - Level 2.0 Throwing
 - Level 4.2 Armour
 + Level 1.8 Dodging
 - Level 9.3 Shields
 - Level 4.0 Invocations


You had 9 spell levels left.
You didn't know any spells.
Your spell library was empty.

Inventory:

Hand Weapons
 b - a +0 morningstar
 Y - a +1 war axe (melded)
Missiles
 l - 5 boomerangs (quivered)
Armour
 a - a +1 helmet (melded)
 i - a +0 pair of gloves (melded)
 k - a +0 kite shield (melded)
 m - a +0 chain mail (melded)
Jewellery
 c - an amulet of faith (around neck)
 f - a +4 ring of slaying (melded) {mikee}
 j - a +5 ring of evasion (melded)
Scrolls
 e - 3 scrolls of teleportation
 g - a scroll of identify
Potions
 d - 2 potions of might
 h - a potion of magic
 n - a potion of curing
 q - 2 potions of lignification
 r - a potion of haste

Dungeon Overview and Level Annotations

Branches:
Dungeon (8/15)             Temple (0/1) D:4            Lair (0/5) D:8

Altars:
Gozag
Okawaru

Shops:
D:3 =   D:5 *

Annotations:
D:7 2 transporters, qw's ghost, novice GrFi
D:8 Psyche


Message History

The arc of chaos hits you.
You hit something but do no damage. Something hits you!
You feel your power leaking away.
You closely miss something. Something hits you!
You are confused.
You hit something.
You hear some strange, mumbled words.
You miss something. Something closely misses you.
You bump into the rock wall.
You hear some strange, mumbled words.
You miss something. Something barely misses you.
You bump into the rock wall.
You feel less confused.
You hear some strange, mumbled words.
You hit something. Something hits you! Something burns you. Something hits you.
Something burns you.
You closely miss something. Something barely misses you.
You closely miss something.
You hear some strange, mumbled words.
A swirling arc of seething chaos appears!
An arc of chaos appears from out of thin air!
The arc of chaos hits you. You partially resist.
You feel drained.
You hit something but do no damage.
You hear some strange, mumbled words.
A swirling arc of seething chaos appears!
An arc of chaos appears from out of thin air!
The arc of chaos hits you but does no damage.
You resist.
You hit something. Something hits you.
You hit something but do no damage.
You feel like a meek peon again. Something hits you!
You die...

#.. #.. #..
#######.##
#..
.........#
#..
......(..#
#..
.........#
#..
.........#
########..
.......{.#
#.........
#b#
#.#####...
#.#######.#
#<....
#.........#
####..
###########
#.. #.. ###


There were no monsters in sight!

Vanquished Creatures
  A two-headed ogre (D:8)
  Prince Ribbit (D:6)
  Eustachio (D:6)
  A steam dragon (D:6)
  Menkaure (D:4)
  4 water moccasins
  Duvessa (D:4)
  An ice beast (D:7)
  2 sky beasts
  A black bear (D:5)
  2 kobold brigands
  Blork the orc (D:6)
  4 bullfrogs
  4 scorpions
  Dowan (D:4)
  A howler monkey (D:6)
  A gnoll bouda (D:6)
  3 jellies (D:5)
  2 sleepcaps
  5 orc priests
  4 hounds
  An iguana (D:5)
  Natasha (thrice) (D:4)
  7 orc wizards
  Robin (D:4)
  3 gnolls (D:6)
  5 adders
  2 shadow imps
  A white imp (D:5)
  An ufetubus (D:7)
  2 worms
  4 dart slugs
  26 orcs
  5 ball pythons
  7 bats
  12 endoplasms
  10 giant cockroaches
  14 goblins
  15 hobgoblins
  2 jackals (D:3)
  15 kobolds
  6 quokkas
  2 frilled lizards
  2 rats
188 creatures vanquished.

Notes
Turn   | Place    | Note
-------+----------+-------------------------------------------
     0 | D:1      | qw the Gargoyle Fighter began the quest for the Orb.
     0 | D:1      | Reached XP level 1. HP: 14/14 MP: 1/1
     0 | D:1      | 0 ||| qw: Version: 0.2-a-29-g1fa15c8
     0 | D:1      | 0 ||| qw: Game counter: 4999
     0 | D:1      | 0 ||| qw: Always use a shield: true
     0 | D:1      | 0 ||| qw: God list: Okawaru
     0 | D:1      | 0 ||| qw: Allow faded altars: false
     0 | D:1      | 0 ||| qw: Do Orc after D:15 true
     0 | D:1      | 0 ||| qw: Do second Lair branch before Depths: true
     0 | D:1      | 0 ||| qw: Lair rune preference: random
     0 | D:1      | 0 ||| qw: Plans: Normal, Zot:1-4, Slime:5, God:TSO, Crypt,
                  | Tomb, Abyss, Pan, Hells, Win
     0 | D:1      | 0 ||| PLANNING D:1-11
   143 | D:1      | 143 ||| Stepping ~*~*~tactically~*~*~ (stealth).
   146 | D:1      | Reached XP level 2. HP: 19/19 MP: 2/2
   206 | D:1      | 206 ||| Stepping ~*~*~tactically~*~*~ (stealth).
   322 | D:1      | 322 ||| Stepping ~*~*~tactically~*~*~ (stealth).
   447 | D:1      | 447 ||| Stepping ~*~*~tactically~*~*~ (stealth).
   449 | D:1      | 449 ||| Stepping ~*~*~tactically~*~*~ (hiding).
   451 | D:1      | 451 ||| Stepping ~*~*~tactically~*~*~ (hiding).
   457 | D:1      | Reached skill level 3 in Axes
   461 | D:1      | Reached XP level 3. HP: 23/23 MP: 3/3
   696 | D:1      | 696 ||| UPGRADING to +4 ring of slaying {mikee}.
   697 | D:1      | 697 ||| READING scroll labelled NONKE SIUKHA.
   698 | D:1      | 698 ||| READING scroll labelled KUGHOM UGEX.
   707 | D:2      | 707 ||| STAIRDANCE
   709 | D:2      | 709 ||| STAIRDANCE
   745 | D:2      | 745 ||| Stepping ~*~*~tactically~*~*~ (stealth).
   746 | D:2      | 746 ||| Stepping ~*~*~tactically~*~*~ (stealth).
   747 | D:2      | 747 ||| Stepping ~*~*~tactically~*~*~ (stealth).
   845 | D:2      | 845 ||| Stepping ~*~*~tactically~*~*~ (hiding).
   967 | D:2      | Reached XP level 4. HP: 28/28 MP: 4/4
  1154 | D:2      | Found an iron altar of Okawaru.
  1155 | D:2      | 1155 ||| PLANNING OKAWARU WORSHIP
  1155 | D:2      | 1155 ||| UPGRADING to +0 chain mail.
  1165 | D:2      | 1165 ||| DROPPING +0 scale mail.
  1166 | D:2      | 1166 ||| READING 2 scrolls labelled YSCHOM ZILOOTUB.
  1167 | D:2      | 1167 ||| READING scroll labelled QEDGHE UKKONG.
  1268 | D:2      | 1268 ||| READING scroll labelled CODUEM SIMNY.
  1269 | D:2      | 1269 ||| READING scroll labelled FUFUPLOALA.
  1273 | D:2      | 1273 ||| DROPPING scroll of revelation.
  1278 | D:2      | Noticed a scorpion
  1282 | D:2      | Killed a scorpion
  1311 | D:2      | Reached XP level 5. HP: 32/32 MP: 5/5
  1325 | D:2      | Became a worshipper of Warmaster Okawaru
  1326 | D:2      | 1326 ||| PLANNING D:1-11
  1332 | D:2      | 1332 ||| Stepping ~*~*~tactically~*~*~ (stealth).
  1341 | D:2      | 1341 ||| Stepping ~*~*~tactically~*~*~ (stealth).
  1514 | D:3      | Found a faded altar of an unknown god.
  1546 | D:3      | 1546 ||| DROPPING +0 club.
  1777 | D:3      | 1777 ||| Stepping ~*~*~tactically~*~*~ (stealth).
  1778 | D:3      | 1778 ||| Stepping ~*~*~tactically~*~*~ (stealth).
  1975 | D:3      | Found Niyp's Jewellery Shoppe.
  1979 | D:3      | 1979 ||| SHOPLISTING amulet of guardian spirit (390 gold,
                  | have 83).
  1979 | D:3      | 1979 ||| SHOPLISTING dreamshard necklace {Acrobat *Dream}
                  | (2600 gold, have 83).
  1979 | D:3      | 1979 ||| SHOPLISTING ring "Ekizufudau" {AC+4 Slay+2} (668
                  | gold, have 83).
  1979 | D:3      | 1979 ||| SHOPLISTING ring of Featopen {rCorr Str+3} (432
                  | gold, have 83).
  1979 | D:3      | 1979 ||| SHOPLISTING ring of protection from fire (325
                  | gold, have 83).
  1998 | D:3      | 1998 ||| Stepping ~*~*~tactically~*~*~ (hiding).
  2000 | D:3      | 2000 ||| Stepping ~*~*~tactically~*~*~ (hiding).
  2252 | D:3      | 2252 ||| UPGRADING to +0 kite shield.
  2262 | D:3      | 2262 ||| DROPPING +0 buckler.
  2263 | D:3      | 2263 ||| UPGRADING to +5 ring of evasion.
  2264 | D:3      | 2264 ||| READING scroll labelled MAEVUC LIPUWUTH.
  2265 | D:3      | 2265 ||| READING scroll labelled KONAYN XA EHOCK.
  2283 | D:4      | Noticed Robin
  2284 | D:4      | 2284 ||| Stepping ~*~*~tactically~*~*~ (hiding).
  2298 | D:4      | Killed Robin
  2310 | D:4      | Reached skill level 4 in Shields
  2312 | D:4      | Reached XP level 6. HP: 30/37 MP: 6/6
  2327 | D:4      | 2327 ||| Stepping ~*~*~tactically~*~*~ (stealth).
  2362 | D:4      | Noticed Natasha
  2363 | D:4      | 2363 ||| Stepping ~*~*~tactically~*~*~ (stealth).
  2368 | D:4      | Killed Natasha
  2565 | D:4      | 2565 ||| Stepping ~*~*~tactically~*~*~ (stealth).
  2566 | D:4      | 2566 ||| Stepping ~*~*~tactically~*~*~ (stealth).
  2735 | D:4      | Noticed Menkaure
  2736 | D:4      | 2736 ||| Stepping ~*~*~tactically~*~*~ (stealth).
  2739 | D:4      | 2739 ||| Stepping ~*~*~tactically~*~*~ (hiding).
  2747 | D:4      | Killed Menkaure
  2747 | D:4      | Reached * piety under Okawaru
  2748 | D:4      | Reached skill level 5 in Shields
  2805 | D:4      | Found an opulent altar of Gozag.
  2914 | D:4      | Noticed Natasha
  2915 | D:4      | 2915 ||| Stepping ~*~*~tactically~*~*~ (hiding).
  2917 | D:4      | 2917 ||| INVOKING Heroism.
  2922 | D:4      | Killed Natasha
  2943 | D:4      | Found a staircase to the Ecumenical Temple.
  2967 | D:4      | Noticed Duvessa
  2973 | D:4      | Reached XP level 7. HP: 42/42 MP: 7/7
  2973 | D:4      | Noticed Dowan
  2977 | D:4      | Killed Duvessa
  2981 | D:4      | 2981 ||| INVOKING Heroism.
  2991 | D:4      | 2991 ||| INVOKING Heroism.
  2994 | D:4      | 2994 ||| Stepping ~*~*~tactically~*~*~ (hiding).
  2996 | D:4      | Killed Dowan
  3151 | D:4      | Noticed Natasha
  3152 | D:4      | 3152 ||| Stepping ~*~*~tactically~*~*~ (stealth).
  3153 | D:4      | 3153 ||| Stepping ~*~*~tactically~*~*~ (stealth).
  3167 | D:4      | Killed Natasha
  3209 | D:4      | 3209 ||| UPGRADING to +0 helmet.
  3214 | D:4      | 3214 ||| READING scroll of enchant armour.
  3214 | D:4      | 3214 ||| ENCHANTING +0 helmet.
  3215 | D:4      | 3215 ||| UPGRADING to amulet of faith.
  3220 | D:4      | 3220 ||| DROPPING ring of wizardry.
  3221 | D:4      | 3221 ||| READING 2 scrolls of identify.
  3221 | D:4      | 3221 ||| IDENTIFYING viscous emerald potion
  3253 | D:5      | Entered Level 5 of the Dungeon
  3257 | D:5      | You fall into a shaft and drop 3 floors!
  3276 | D:8      | 3276 ||| READING scroll labelled SACYKU LOVIM.
  3351 | D:7      | 3351 ||| Stepping ~*~*~tactically~*~*~ (hiding).
  3352 | D:7      | 3352 ||| INVOKING Heroism.
  3354 | D:7      | 3354 ||| INVOKING Heroism.
  3361 | D:7      | Reached skill level 1 in Throwing
  3361 | D:7      | Reached skill level 1 in Invocations
  3362 | D:7      | 3362 ||| Stepping ~*~*~tactically~*~*~ (stealth).
  3363 | D:7      | 3363 ||| Stepping ~*~*~tactically~*~*~ (stealth).
  3371 | D:7      | 3371 ||| Stepping ~*~*~tactically~*~*~ (stealth).
  3372 | D:7      | 3372 ||| INVOKING Heroism.
  3385 | D:7      | Reached skill level 6 in Axes
  3450 | D:6      | Noticed Blork the orc
  3452 | D:6      | 3452 ||| Stepping ~*~*~tactically~*~*~ (hiding).
  3459 | D:6      | Reached skill level 6 in Shields
  3459 | D:6      | Reached XP level 8. HP: 47/48 MP: 8/8
  3459 | D:6      | 3459 ||| INVOKING Heroism.
  3465 | D:6      | Reached skill level 1 in Dodging
  3467 | D:6      | Noticed Eustachio
  3470 | D:6      | Killed Blork the orc
  3471 | D:6      | 3471 ||| INVOKING Heroism.
  3472 | D:6      | 3472 ||| INVOKING Heroism.
  3491 | D:6      | 3491 ||| INVOKING Heroism.
  3498 | D:6      | Killed Eustachio
  3500 | D:6      | 3500 ||| Stepping ~*~*~tactically~*~*~ (hiding).
  3505 | D:6      | 3505 ||| INVOKING Heroism.
  3595 | D:6      | 3595 ||| INVOKING Heroism.
  3597 | D:6      | 3597 ||| Stepping ~*~*~tactically~*~*~ (cloud).
  3611 | D:6      | 3611 ||| INVOKING Heroism.
  3767 | D:6      | Reached skill level 3 in Invocations
  3783 | D:6      | 3783 ||| UPGRADING to +0 pair of gloves.
  3812 | D:5      | Reached XP level 9. HP: 54/54 MP: 11/11
  3938 | D:5      | 3938 ||| DRINKING potion of curing.
  3938 | D:5      | 3938 ||| (to cure confusion)
  3940 | D:5      | 3940 ||| Stepping ~*~*~tactically~*~*~ (stealth).
  3958 | D:5      | Reached skill level 7 in Shields
  3994 | D:5      | 3994 ||| INVOKING Heroism.
  4051 | D:5      | 4051 ||| INVOKING Heroism.
  4125 | D:5      | 4125 ||| INVOKING Heroism.
  4162 | D:5      | 4162 ||| INVOKING Heroism.
  4219 | D:5      | Found Ibiybbump's Serpentskin Sales.
  4243 | D:5      | 4243 ||| Stepping ~*~*~tactically~*~*~ (hiding).
  4265 | D:5      | 4265 ||| INVOKING Heroism.
  4368 | D:5      | 4368 ||| READING scroll labelled GUONLAQAERPH.
  4369 | D:5      | 4369 ||| READING scroll labelled NUMMYMP XOEHI.
  4370 | D:5      | 4370 ||| DRINKING 2 green potions.
  4371 | D:5      | 4371 ||| DRINKING 2 smoky ruby potions.
  4395 | D:5      | 4395 ||| READING 4 scrolls of identify.
  4395 | D:5      | 4395 ||| IDENTIFYING fuming yellow potion
  4396 | D:5      | 4396 ||| READING 3 scrolls of identify.
  4396 | D:5      | 4396 ||| IDENTIFYING glowing amethyst potion
  4397 | D:5      | 4397 ||| DROPPING potion of invisibility.
  4398 | D:5      | 4398 ||| DROPPING potion of brilliance.
  4466 | D:6      | Noticed Prince Ribbit
  4467 | D:6      | 4467 ||| INVOKING Heroism.
  4479 | D:6      | Killed Prince Ribbit
  4617 | D:6      | 4617 ||| Stepping ~*~*~tactically~*~*~ (stealth).
  4622 | D:6      | 4622 ||| Stepping ~*~*~tactically~*~*~ (hiding).
  4627 | D:6      | 4627 ||| INVOKING Heroism.
  4998 | D:6      | 4998 ||| READING 2 scrolls of identify.
  4998 | D:6      | 4998 ||| IDENTIFYING glowing sapphire potion
  4999 | D:6      | 4999 ||| DROPPING potion of enlightenment.
  5235 | D:7      | Found a transporter.
  5236 | D:7      | Found a transporter.
  5236 | D:7      | Noticed qw's ghost (novice GrFi)
  5239 | D:7      | Noticed a freezing wraith
  5248 | D:7      | Reached ** piety under Okawaru
  5249 | D:7      | Reached skill level 6 in Fighting
  5616 | D:7      | 5616 ||| INVOKING Heroism.
  5622 | D:7      | 5622 ||| Stepping ~*~*~tactically~*~*~ (hiding).
  5623 | D:7      | 5623 ||| Stepping ~*~*~tactically~*~*~ (hiding).
  5660 | D:7      | 5660 ||| READING scroll labelled QEIVEWN GESI.
  5661 | D:7      | 5661 ||| READING 2 scrolls of identify.
  5661 | D:7      | 5661 ||| IDENTIFYING lumpy green potion
  5662 | D:7      | 5662 ||| DROPPING potion of ambrosia.
  5704 | D:8      | Noticed a two-headed ogre
  5705 | D:8      | 5705 ||| INVOKING Heroism.
  5718 | D:8      | Killed a two-headed ogre
  5719 | D:8      | Reached skill level 9 in Shields
  5719 | D:8      | Reached XP level 10. HP: 51/60 MP: 11/13
  5797 | D:8      | 5797 ||| Stepping ~*~*~tactically~*~*~ (stealth).
  5800 | D:8      | 5800 ||| Stepping ~*~*~tactically~*~*~ (stealth).
  5802 | D:8      | 5802 ||| Stepping ~*~*~tactically~*~*~ (stealth).
  5808 | D:8      | 5808 ||| Stepping ~*~*~tactically~*~*~ (stealth).
  5851 | D:8      | Reached *** piety under Okawaru
  5915 | D:8      | Found a staircase to the Lair.
  6009 | D:8      | Noticed Psyche
  6010 | D:8      | 6010 ||| INVOKING Heroism.
  6033 | D:8      | HP: 12/60 [something (6)]
  6037 | D:8      | HP: 5/59 [something (4)]
  6038 | D:8      | Slain by Psyche

Levels and vault maps discovered:
D:1:      minmay_arrival_checkered_box, layout_basic
D:2:      layout_loops_ring, basic_altar, minmay_worlds_worst_comb
D:3:      layout_loops_ring, shapermc_ecumenical_altar_totnotflames,
          serial_shops, nicolae_shop_hallway_stairs
D:4:      layout_loops_cross, grunt_gozag_breadcrumbs,
          minmay_temple_entry_junction, uniq_duvessa, uniq_natasha, uniq_robin,
          uniq_menkaure
D:5:      layout_rooms, eino_small_chamber_without_monster, guppyfry_shop_venom
D:6:      layout_loops_ring, nrook_loot_triangle, minmay_misc_feat_rows,
          uniq_blork_the_orc, uniq_prince_ribbit1, uniq_eustachio
D:7:      layout_cave_pods, gammafunk_ghost_arena
D:8:      minmay_spotlight, layout_basic, lair_entry_dummy, uniq_psyche

Skill      XL: |  1  2  3  4  5  6  7  8  9 |
---------------+----------------------------+-----
Axes           | 2 3 4 5 6 7 8 |  8.6
Shields        | 4 5 6 9 |  9.3
Fighting       | 4 5 6 |  6.3
Throwing       | 1 2 |  2.0
Invocations    | 1 3 4 |  4.0
Dodging        | 1 |  1.8
Armour         | 4 |  4.2

Action                     |  1- 3 |  4- 6 |  7- 9 | 10-12 || total
---------------------------+-------+-------+-------+-------++-------
  Melee: War axe           |    89 |   126 |   229 |    22 ||   466
         Unarmed           |       |       |       |    15 ||    15
  Throw: Boomerang         |    15 |    24 |    14 |    11 ||    64
         Javelin           |       |       |    12 |       ||    12
 Invoke: Heroism           |       |     1 |    19 |     1 ||    21
    Use: Scroll            |     2 |     6 |    10 |       ||    18
         Potion            |       |       |     3 |       ||     3
 Armour: Scale mail        |    29 |     1 |       |       ||    30
         Chain mail        |       |    51 |    95 |    11 ||   157
  Dodge: Dodged            |    31 |    47 |   124 |    13 ||   215
  Block: Buckler           |    13 |     4 |       |       ||    17
         Kite shield       |       |    27 |   122 |     8 ||   157

Table legend:
 A = Non-vault XP
 B = Vault XP
 C = Vault XP percentage of total XP
 D = Non-vault monster count
 E = Vault monster count
 F = Vault count percentage of total count
                 A         B        C        D         E       F
            +---------+---------+-------+---------+---------+-------
      Total |    4236 |    1172 |  21.7 |     163 |      25 |  13.3
            +---------+---------+-------+---------+---------+-------
        D:1 |      45 |       0 |   0.0 |      22 |       0 |   0.0
        D:2 |     127 |      10 |   7.3 |      25 |       5 |  16.7
        D:3 |      76 |       0 |   0.0 |      20 |       0 |   0.0
        D:4 |     171 |     431 |  71.6 |      21 |      15 |  41.7
        D:5 |     744 |     158 |  17.5 |      22 |       2 |   8.3
        D:6 |     877 |     573 |  39.5 |      19 |       3 |  13.6
        D:7 |    1007 |       0 |   0.0 |      24 |       0 |   0.0
        D:8 |    1189 |       0 |   0.0 |      10 |       0 |   0.0
            +---------+---------+-------+---------+---------+-------
